 Dungeon Crawl Stone Soup version 0.29-a0-1033-gb6c65ffae6 (webtiles) character file.

Game seed: 86702785403337502

26091 wingedge the Zephyrmancer (level 13, 0/111 HPs)
             Began as a Human Wanderer on Aug 14, 2022.
             Was an Elder of Ashenzari.
             Slain by a two-headed ogre
             ... wielding a +0 giant club
              (17 damage)
             ... while paralysed by an ogre mage
             ... on level 2 of the Orcish Mines on Aug 15, 2022.
             The game lasted 01:10:19 (16389 turns).

wingedge the Zephyrmancer (Human Wanderer)         Turns: 16389, Time: 01:10:20

Health: 0/111      AC: 11    Str: 14    XL:     13   Next: 55%
Magic:  23/41      EV:  2    Int: 19    God:    Ashenzari [****..]
Gold:   385        SH:  0    Dex: 15    Spells: 13/26 levels left

rFire   + + .      SeeInvis +   A - +6 rapier of the Secret Geomancers {holy, *Corrode rF+ rC+ MP+9 Int+5}
rCold   + . .      Faith    .   j - +0 buckler "Tethered Paranoia" {Elem, Fort} (curse)
rNeg    . . .      Spirit   .   a - +3 leather armour {rF+}
rPois   .          Reflect  +   Q - +0 helmet of the Profound God {Bglg, Self} (curse)
rElec   .          Harm     .   C - +0 cloak "Ruined Together" {Melee, Alch} (curse)
rCorr   .          Rampage  .   R - +1 pair of gloves "Overhang to Understand" {Evo, Cun} (curse)
Will    .....      Clarity  +   b - +0 pair of boots "Bound Frustration" {Comp, Self} (curse)
Stlth   ++........              n - amulet of reflection
HPRegen 0.28/turn               O - ring of magical power
MPRegen 0.27/turn               T - ring of the Esoteric Secrets {EV+4, Melee, Elem} (curse)

@: paralysed
A: no striking features
a: Renounce Religion, Curse Item, Shatter the Chains


You were on level 2 of the Orcish Mines.
You worshipped Ashenzari.
Ashenzari was greatly pleased with you.
You visited 3 branches of the dungeon, and saw 12 of its levels.
You also visited: Sewer.

You collected 1441 gold pieces.
You spent 1056 gold pieces at shops.

Inventory:

Hand Weapons
 f - a +0 antimagic dagger
 o - a +2 whip of pain
 v - a +5 scimitar of freezing
 A - the +6 rapier of the Secret Geomancers (weapon) {holy, *Corrode rF+ rC+ MP+9 Int+5}
   (You found it on level 3 of the Dungeon)

   It has been blessed by the Shining One to cause great damage to the undead
   and demons.
   Int:       It affects your intelligence (+5).
   rF:        It protects you from fire.
   rC:        It protects you from cold.
   MP:        It affects your magic capacity (+9).
   *Corrode:  It may corrode you when you take damage.
 M - a +6 quick blade of protection
Missiles
 u - 5 boomerangs
 B - 3 throwing nets
 E - 4 atropa-tipped darts
 N - 18 poisoned darts
Armour
 a - a +3 leather armour of fire resistance (worn)
 b - the cursed +0 pair of boots "Bound Frustration" (worn) {Comp, Self}
   (You found it on level 8 of the Dungeon)

   It has a curse which improves the following skills: Companions: Summonings
   and Necromancy.
   Introspection: Fighting and Spellcasting.
 j - the cursed +0 buckler "Tethered Paranoia" (worn) {Elem, Fort}
   (You found it on level 1 of the Dungeon)

   It has a curse which improves the following skills: Elements: Fire Magic, Ice
   Magic, Air Magic and Earth Magic.
   Fortitude: Armour and Shields.
 w - a +0 ring mail
 y - +0 steam dragon scales
 C - the cursed +0 cloak "Ruined Together" (worn) {Melee, Alch}
   (You found it on level 3 of the Dungeon)

   It has a curse which improves the following skills: Melee Combat: Short
   Blades, Long Blades, Axes, Maces & Flails, Polearms, Staves and Unarmed
   Combat.
   Alchemy:   Poison Magic and Transmutations.
 G - a +4 chain mail
 Q - the cursed +0 helmet of the Profound God (worn) {Bglg, Self}
   (You found it on level 4 of the Dungeon)

   It has a curse which improves the following skills: Beguiling: Conjurations,
   Hexes and Translocations.
   Introspection: Fighting and Spellcasting.
 R - the cursed +1 pair of gloves "Overhang to Understand" (worn) {Evo, Cun}
   (You found it on level 5 of the Dungeon)

   It has a curse which improves the following skills: Evocations: Evocations.
   Cunning:   Dodging and Stealth.
 S - a +1 plate armour of willpower
 W - a +0 chain mail of poison resistance
Magical Staves
 h - a staff of death
Jewellery
 l - an amulet of faith
 n - an amulet of reflection (around neck)
 O - a ring of magical power (left hand)
 P - a ring of magical power
 T - the cursed ring of the Esoteric Secrets (right hand) {EV+4, Melee, Elem}
   (You found it on level 5 of the Dungeon)

   [ring of evasion]

   EV:        It affects your evasion (+4).
   It has a curse which improves the following skills: Melee Combat: Short
   Blades, Long Blades, Axes, Maces & Flails, Polearms, Staves and Unarmed
   Combat.
   Elements:  Fire Magic, Ice Magic, Air Magic and Earth Magic.
 X - a ring of protection from fire
 Y - an amulet of magic regeneration
Wands
 c - a wand of polymorph (9) (quivered)
 m - a wand of roots (16)
 V - a wand of light (11)
Scrolls
 e - a scroll of teleportation
 g - a scroll of silence
 i - a scroll of blinking
 k - 4 scrolls of amnesia
 p - a scroll of vulnerability
 q - 2 scrolls of poison
 x - 3 scrolls of butterflies
 I - a scroll of magic mapping
 K - a scroll of immolation
 L - a scroll of fear
Potions
 d - a potion of attraction
 z - 4 potions of curing
 D - 2 potions of brilliance
 F - 3 potions of flight
 H - 3 potions of magic
 Z - a potion of cancellation


   Skills:
 - Level 10.0(13.0) Fighting
 - Level 9.9(13.0) Short Blades
 - Level 3.0(8.4) Long Blades
 - Level 1.0(2.6) Polearms
 - Level 5.1(7.0) Dodging
 - Level 2.5(4.1) Stealth
 - Level 5.1(7.0) Shields
 - Level 4.2(7.0) Spellcasting
 - Level 8.0(10.0) Summonings
 - Level 5.0(7.0) Translocations
 + Level 4.7(6.6) Transmutations
 - Level 10.3(13.3) Air Magic
 - Level 1.2(2.5) Evocations


You had 13 spell levels left.
You knew the following spells:

 Your Spells              Type           Power      Damage    Failure   Level
a - Summon Lightning Spi  Summ/Air       50%        N/A       1%          4
b - Call Imp              Summ           44%        N/A       1%          2
c - Wereblood             Tmut           31%        N/A       1%          2
d - Summon Forest         Summ/Tloc      19%        N/A       14%         5

Your spell library contained the following spells:

 Spells                   Type           Power      Damage    Failure   Level
 Gell's Gravitas          Tloc           33%        N/A       2%          3
 Lesser Beckoning         Tloc           33%        N/A       2%          3
 Teleport Other           Tloc           33%        N/A       2%          3
 Passwall                 Tmut/Erth      15%        N/A       6%          2
 Necrotise                Necr           28%        1d5       16%         1
 Vampiric Draining        Necr           7%         2d6       41%         3
 Summon Mana Viper        Hex/Summ       26%        N/A       50%         5
 Storm Form               Tmut/Air       22%        N/A       93%         7
 Agony                    Necr           7%         N/A       99%         5
 Eringya's Noxious Bog    Tmut/Pois      9%         N/A       99%         6
 Malign Gateway           Summ/Tloc      19%        N/A       99%         7
 Maxwell's Capacitive Co  Air            27%        ∞         99%         8
 Haunt                    Necr/Summ      13%        N/A       100%        7


Dungeon Overview and Level Annotations

Branches:
Dungeon (9/15)             Temple (1/1) D:5             Orc (2/2) D:9
  Sewer (visited)
   Lair: D:8-11         Elf: Orc:2

Altars:
Ashenzari
Cheibriados
Dithmenos
Elyvilon
Fedhas
Gozag
Hepliaklqana
Kikubaaqudgha
Makhleb
Nemelex Xobeh
Okawaru
Qazlal
Ru
Sif Muna
Trog
Uskayaw
Vehumet
Wu Jian
Xom
Yredelemnul
Zin
The Shining One

Shops:
D:2 [   D:7 :   Orc:2 *(


Message History

You hit the two-headed ogre but do no damage.
The two-headed ogre is moderately wounded.
The two-headed ogre hits you with a +0 giant club!
* * * LOW HITPOINT WARNING * * *
The two-headed ogre closely misses you.
Your white imp hits the two-headed ogre.
Your white imp freezes the two-headed ogre.
You hit the two-headed ogre.
The two-headed ogre is heavily wounded.
The forest calms down.
Your dryad hits the two-headed ogre! The ogre mage closely misses you.
You puncture the two-headed ogre!
The two-headed ogre is severely wounded.
Your white imp closely misses the two-headed ogre.
Your dryad hits the two-headed ogre.
You hit the two-headed ogre but do no damage.
The two-headed ogre is almost dead.
You block the two-headed ogre's attack.
The two-headed ogre completely misses you.
The ogre mage casts a spell at you.
You suddenly lose the ability to move!
Your white imp hits the two-headed ogre but does no damage.
Your dryad hits the two-headed ogre!
The two-headed ogre misses your white imp.
The two-headed ogre hits your white imp with a +0 giant club!!
Your white imp dies!
Your white imp disappears in a puff of smoke!
The ogre mage hits you with a +0 spear.
* * * LOW HITPOINT WARNING * * *
The two-headed ogre shouts in stereo!
Space becomes stable.
Your dryad disappears in a puff of smoke!
The vines fall limply to the ground.
The ogre mage hits you with a +0 spear!
* * * LOW HITPOINT WARNING * * *
The two-headed ogre hits you with a +0 giant club.
* * * LOW HITPOINT WARNING * * *
The two-headed ogre barely misses you.
The two-headed ogre hits you with a +0 giant club!
You die...

................#.... ... , , ,
......................#.# ,,
..................#.#.... ,,,
...................#..... ,, ,
........................#* *, ,,
........................# *
.....).........8...........# * ,
..#......[[.......#..........,#..
.......)[[).)...@.)#......... ...
#....)..([....#.OO.#.....#... ...
##.#....)).....#...##.#..........
*#....#......$.$..###............
..................##.............
##.......#....$#.................
#.......♣..../......{............
....##...#.#...........##.#......
#..#*##.#......##.♣...##.#.......


You could see a two-headed ogre (ally target), an ogre mage (invisible) and a
friendly lightning spire (summoned).

Vanquished Creatures
  An orc warlord (Orc:1)
  An ogre mage (Orc:2)
  9 two-headed ogres
  An orc high priest (Orc:2)
  A deep troll (Orc:2)
  Pikel (D:6)
  The ghost of wingedge the Caller, a novice HuWn (D:7)
  A moth of wrath (D:7)
  A kobold demonologist (D:8)
  The ghost of gelatine the Stinger, a novice DsVM of Vehumet (D:4)
  The ghost of lesbiats the Cudgeller, an amateur TrBe of Trog (D:4)
  10 trolls
  Prince Ribbit (D:7)
  The ghost of Zonian the Shield-Bearer, an amateur HuFi (D:4)
  2 hornets
  A wraith (D:9)
  The ghost of RaspberryAmber the Chopper, an amateur NaFi (D:4)
  4 yaks
  A wyvern (D:9)
  2 steam dragons
  7 wargs
  An acid dragon (D:9)
  13 orc warriors
  An ice beast (D:7)
  A black bear (D:4)
  16 ogres
  3 phantoms
  2 centaurs
  A nameless horror (Orc:1)
  2 bullfrogs
  A gnoll sergeant (D:7)
  A scorpion (D:5)
  16 wights
  A killer bee (D:9)
  8 electric eels (D:8)
  5 hounds
  A gnoll bouda (D:5)
  8 orc priests
  A jelly (D:5)
  3 iguanas
  11 orc wizards
  14 gnolls
  11 adders
  4 river rats (Sewer)
  A shadow imp (D:6)
  4 white imps
  3 worms
  A dart slug (D:2)
  28 orcs
  8 endoplasms
  6 giant cockroaches
  9 goblins
  5 hobgoblins
  9 jackals
  6 quokkas
  12 ball pythons
  10 bats
  9 frilled lizards
  12 kobolds
  10 rats
307 creatures vanquished.

Vanquished Creatures (collateral kills)
  A two-headed ogre (Orc:2)
  A deep troll (Orc:2)
  2 cyclopes (Orc:2)
  5 trolls
  5 yaks
  A warg (Orc:1)
  5 orc warriors
  7 ogres
  2 kobold brigands (D:8)
  A gnoll sergeant (D:7)
  A wight (D:9)
  4 killer bees (D:9)
  3 jellies
  An orc priest (D:9)
  2 orc wizards
  2 gnolls (Orc:1)
  A white imp (D:8)
  A worm (Sewer)
  13 orcs
  A bat (Sewer)
  7 kobolds (D:8)
66 creatures vanquished.

Vanquished Creatures (others)
  An adder (Sewer)
  A white imp (D:6)
  16 plants
18 creatures vanquished.

Grand Total: 391 creatures vanquished

Notes
Turn   | Place    | Note
-------+----------+-------------------------------------------
     0 | D:1      | wingedge the Human Wanderer began the quest for the Orb.
     0 | D:1      | wingedge set off with the following items: a +2 falchion, a
                  | +0 spear, a wand of polymorph (6), a potion of haste, a +0
                  | robe.
     0 | D:1      | Reached XP level 1. HP: 16/16 MP: 1/1
   252 | D:1      | Found a faded altar of an unknown god.
   257 | D:1      | Reached XP level 2. HP: 23/23 MP: 2/2
   588 | D:1      | Reached XP level 3. HP: 27/29 MP: 3/3
  1186 | D:2      | HP: 1/29 [worm (11)]
  1958 | D:2      | HP: 1/45 [hound (4)]
  1960 | D:2      | Reached XP level 4. HP: 1/38 MP: 4/4
  2539 | D:2      | Found Xadioqi's Antique Armour Shop.
  3104 | D:3      | Identified the +6 rapier of the Secret Geomancers {holy,
                  | *Corrode rF+ rC+ MP+9 Int+5}
  3179 | D:3      | Reached XP level 5. HP: 43/43 MP: 5/5
  3313 | D:3      | Reached skill level 5 in Fighting
  3313 | D:3      | Reached skill level 1 in Shields
  3407 | D:4      | Found a glowing drain.
  3589 | Sewer    | Entered a sewer
  3703 | Sewer    | Reached XP level 6. HP: 43/51 MP: 6/6
  5027 | D:4      | Found a glowing golden altar of the Shining One.
  5043 | D:4      | Reached skill level 1 in Short Blades
  5043 | D:4      | Reached XP level 7. HP: 49/58 MP: 7/7
  5436 | D:4      | Reached XP level 8. HP: 35/64 MP: 8/8
  5667 | D:4      | Reached skill level 5 in Short Blades
  5786 | D:4      | Found a runed translucent gate.
  5786 | D:4      | Found a runed translucent gate.
  5787 | D:4      | Found a runed translucent gate.
  5787 | D:4      | Noticed Zonian's ghost (amateur HuFi)
  5787 | D:4      | Noticed RaspberryAmber's ghost (amateur NaFi)
  5787 | D:4      | Noticed gelatine's ghost (novice DsVM)
  5787 | D:4      | Noticed lesbiats's ghost (amateur TrBe)
  5814 | D:4      | Killed gelatine's ghost
  5819 | D:4      | Killed lesbiats's ghost
  5825 | D:4      | Killed RaspberryAmber's ghost
  5826 | D:4      | Reached XP level 9. HP: 72/72 MP: 9/9
  5832 | D:4      | Killed Zonian's ghost
  5904 | D:5      | Entered Level 5 of the Dungeon
  5928 | D:5      | Noticed Edmund
  6575 | D:5      | Noticed Edmund
  6575 | D:5      | Edmund changed into Edmund the scorpion
  6582 | D:5      | Killed Edmund the scorpion
  6583 | D:5      | Reached skill level 1 in Spellcasting
  6640 | D:5      | Found an ornate altar of the Wu Jian Council.
  6652 | D:5      | Reached skill level 1 in Summonings
  6674 | D:5      | Found a staircase to the Ecumenical Temple.
  6698 | Temple   | Entered the Ecumenical Temple
  6816 | Temple   | Became a worshipper of Ashenzari the Shackled
  7150 | D:5      | Found a hazy altar of Hepliaklqana.
  7218 | D:5      | Found a basalt altar of Yredelemnul.
  7312 | D:5      | Found a sparkling altar of Nemelex Xobeh.
  7312 | D:5      | Found a transporter.
  7486 | D:5      | Reached skill level 1 in Air Magic
  7846 | D:6      | Noticed a hornet
  7862 | D:6      | Killed a hornet
  8239 | D:6      | Reached * piety under Ashenzari
  8239 | D:6      | Identified a scroll of acquirement
  8240 | D:6      | Acquired a +5 quick blade
  8378 | D:6      | Reached XP level 10. HP: 56/80 MP: 14/14
  8380 | D:6      | Noticed Pikel
  8402 | D:6      | Killed Pikel
  8697 | D:6      | Reached ** piety under Ashenzari
  9150 | D:7      | Found a stormy altar of Qazlal.
  9479 | D:7      | Found a blossoming altar of Fedhas.
  9652 | D:7      | Found a glowing silver altar of Zin.
  9669 | D:7      | Learned a level 4 spell: Summon Lightning Spire
  9738 | D:7      | Found a transporter.
  9740 | D:7      | Found a transporter.
  9751 | D:7      | Noticed a two-headed ogre
  9753 | D:7      | Found a bloodstained altar of Trog.
  9753 | D:7      | Noticed a moth of wrath
  9754 | D:7      | Noticed wingedge's ghost (novice HuWn)
  9842 | D:7      | Found Vaopry Xehan's Tremendous Tomes.
  9868 | D:7      | Noticed Prince Ribbit
  9886 | D:7      | Killed Prince Ribbit
 10349 | D:8      | Reached *** piety under Ashenzari
 11408 | D:8      | Reached **** piety under Ashenzari
 11462 | D:8      | Reached XP level 11. HP: 75/95 MP: 19/19
 11825 | D:8      | Reached skill level 5 in Air Magic
 12375 | D:8      | Found a snail-covered altar of Cheibriados.
 12654 | D:9      | Found a burning altar of Makhleb.
 12654 | D:9      | Found a hide-covered altar of Uskayaw.
 12655 | D:9      | Found a bloodstained altar of Trog.
 12663 | D:9      | Noticed a two-headed ogre
 12681 | D:9      | Killed a two-headed ogre
 13012 | D:9      | Found a staircase to the Orcish Mines.
 13616 | D:9      | Found a shimmering blue altar of Sif Muna.
 13623 | D:9      | Found a radiant altar of Vehumet.
 13710 | Orc:1    | Entered Level 1 of the Orcish Mines
 13972 | Orc:1    | Reached skill level 10 in Air Magic
 14425 | D:7      | Bought the Octavo of Congregated Permutations for 1056 gold
                  | pieces
 14428 | D:7      | Learned a level 2 spell: Call Imp
 14431 | D:7      | Learned a level 2 spell: Wereblood
 14437 | D:7      | Learned a level 5 spell: Summon Forest
 14469 | D:7      | Killed a moth of wrath
 14470 | D:7      | Reached XP level 12. HP: 72/101 MP: 20/20
 14481 | D:7      | Killed a two-headed ogre
 14482 | D:7      | Reached skill level 1 in Transmutations
 14486 | D:7      | Killed wingedge's ghost
 14487 | D:7      | Reached skill level 5 in Summonings
 14980 | Orc:1    | Noticed an orc warlord
 15031 | Orc:1    | Killed an orc warlord
 15414 | Orc:2    | Entered Level 2 of the Orcish Mines
 15423 | Orc:2    | Reached skill level 1 in Translocations
 15425 | Orc:2    | Noticed a two-headed ogre
 15445 | Orc:2    | Killed a two-headed ogre
 15569 | Orc:2    | Noticed a two-headed ogre
 15586 | Orc:2    | Killed a two-headed ogre
 15607 | Orc:2    | Noticed a deep troll
 15608 | Orc:2    | Noticed a two-headed ogre
 15608 | Orc:2    | Noticed a two-headed ogre
 15609 | Orc:2    | Noticed an ogre mage
 15610 | Orc:2    | Noticed a deep troll
 15926 | Orc:2    | Noticed a two-headed ogre
 15926 | Orc:2    | Noticed an orc high priest
 15926 | Orc:2    | Found Meoles's General Store.
 15926 | Orc:2    | Found Moridora's Weapon Boutique.
 15927 | Orc:2    | Noticed a two-headed ogre
 15931 | Orc:2    | Noticed a two-headed ogre
 15939 | Orc:2    | Noticed an ogre mage
 15946 | Orc:2    | Killed an orc high priest
 15949 | Orc:2    | Killed a two-headed ogre
 15951 | Orc:2    | Killed a deep troll
 15952 | Orc:2    | Reached skill level 5 in Translocations
 15952 | Orc:2    | Reached XP level 13. HP: 46/108 MP: 12/23
 15973 | Orc:2    | Killed an ogre mage
 15976 | Orc:2    | Reached skill level 10 in Fighting
 15991 | Orc:2    | Reached skill level 5 in Dodging
 16008 | Orc:2    | Reached skill level 5 in Shields
 16385 | Orc:2    | Paralysed by an ogre mage for 4 turns
 16389 | Orc:2    | Slain by a two-headed ogre

Illustrated notes

Levels and vault maps discovered:
D:1:      spicycebolla_arrival_risky_transporter, layout_rooms,
          ebering_ecumenical_altar_sacrificial, corner_web_ring
D:2:      layout_basic, serial_shops, nicolae_shop_stone,
          kennysheep_cross_bottleneck
D:3:      layout_rooms
D:4:      minmay_clustersquares, layout_basic, mainiacjoe_overflow_paths,
          gammafunk_ghost_cemetery, portal_sewer_entry_f
D:5:      layout_gridville, nicolae_hepliaklqana_hippocampus,
          grunt_nemelex_the_gamble, yredelemnul_altar_generic,
          nzn_wu_jian_contemplation, minmay_temple_entry_overgrown, uniq_edmund
D:6:      layout_layer_cave, uniq_pikel
D:7:      layout_basic, grunt_temple_overflow_forces_of_nature, zin_treasury,
          gammafunk_ghost_wrathful_warriors, grunt_decor_cap,
          nicolae_shop_i_like_big_books, uniq_prince_ribbit1
D:8:      layout_cave_pools, marbit_many_paths, grunt_ministairs_2,
          serial_bayou_lake_a
D:9:      layout_basic, minitemple, gammafunk_temple_overflow_claw, orc_0_dummy
Temple:   nicolae_temple_ecumenical_triangle
Orc:1:    cheibrodos_orc_guarddog, layout_caves
Orc:2:    st_orc_open, layout_caves, serial_shops, shop_statue, uniq_azrael

Skill      XL: |  1  2  3  4  5  6  7  8  9 10 11 12 13 |
---------------+----------------------------------------+-----
Fighting       | 3 4 5 6 7 8 9 10 | 10.0
Shields        | 2 3 4 5 |  5.1
Dodging        | 3 5 |  5.1
Short Blades   | 1 4 6 7 9 |  9.9
Spellcasting   | 2 3 4 |  4.2
Summonings     | 4 8 |  8.0
Air Magic      | 4 10 | 10.3
Stealth        | 2 |  2.5
Transmutations | 1 4 |  4.7
Translocations | 5 |  5.0
Long Blades    | |  3.0
Polearms       | |  1.0
Evocations     | |  1.2

Action                   |  1- 3 |  4- 6 |  7- 9 | 10-12 | 13-15 || total
-------------------------+-------+-------+-------+-------+-------++-------
Melee: Falchion          |    97 |   227 |    15 |       |       ||   339
       Rapier            |       |    43 |   216 |   204 |     9 ||   472
       Quick blade       |       |       |    37 |   426 |    98 ||   561
Throw: Boomerang         |       |     2 |       |       |       ||     2
       Dart              |       |       |     5 |     4 |       ||     9
       Throwing net      |       |       |       |     1 |       ||     1
 Cast: Summon Lightning  |       |       |       |    45 |     6 ||    51
       Call Imp          |       |       |       |     7 |     1 ||     8
       Wereblood         |       |       |       |     5 |       ||     5
       Summon Forest     |       |       |       |     2 |     2 ||     4
Invok: Curse Item        |       |       |     2 |     4 |       ||     6
Evoke: Wand              |     2 |     4 |     1 |     2 |       ||     9
  Use: Potion            |     4 |     1 |     6 |     9 |     1 ||    21
       Scroll            |       |       |    19 |     2 |     1 ||    22
 Stab: Sleeping          |     1 |       |     1 |     4 |       ||     6
       Invisible         |       |       |     1 |       |       ||     1
       Distracted        |       |       |       |     9 |     2 ||    11
Armor: Robe              |     6 |       |       |       |       ||     6
       Ring mail         |       |   110 |    15 |       |       ||   125
       Skin              |       |       |    17 |       |       ||    17
       Chain mail        |       |       |    58 |    22 |       ||    80
       Steam dragon scal |       |       |       |    16 |       ||    16
       Leather armour    |       |       |       |    33 |    21 ||    54
Dodge: Dodged            |    41 |   143 |    71 |   220 |    49 ||   524
Block: Buckler           |     7 |   171 |    84 |   185 |    34 ||   481
       Reflection        |       |       |     2 |     3 |     1 ||     6

Table legend: (Time is in decaauts)
 A = Elapsed time spent in this place.
 B = Non-inter-level travel time spent in this place.
 C = Inter-level travel time spent in this place.
 D = Time resting spent in this place.
 E = Time spent auto-exploring this place.
 F = Levels seen in this place.
 G = Mean time per level.
                   A        B        C        D        E       F      G
               +--------+--------+--------+--------+--------+-----+--------+
         Total |  16060 |  15544 |    516 |   5742 |   6152 |  13 | 1235.4 |
       Dungeon |  12604 |  12172 |    432 |   4384 |   5188 |   9 | 1400.4 |
        Temple |    135 |    119 |     16 |      0 |    106 |   1 |  135.0 |
  Orcish Mines |   1921 |   1853 |     68 |    778 |    583 |   2 |  960.5 |
         Sewer |   1398 |   1398 |      0 |    579 |    275 |   1 | 1398.0 |
               +--------+--------+--------+--------+--------+-----+--------+

Top non-repeatable levels by time:
     D:8: 2296 daAuts
     D:2: 1673 daAuts
   Orc:1: 1601 daAuts
     D:4: 1574 daAuts
     D:6: 1492 daAuts
     D:7: 1418 daAuts
   Sewer: 1398 daAuts
     D:1: 1326 daAuts
     D:9: 1272 daAuts
     D:5: 1126 daAuts
     D:3: 423 daAuts
   Orc:2: 320 daAuts
  Temple: 135 daAuts
